 Dungeon Crawl Stone Soup version 0.30-a0-390-g80c34de65d (webtiles) character file.

Game seed: 11017091776219049763

221 CrazyBamboolord the Grave Robber (level 6, 0/51 HPs)
             Began as a Kobold Necromancer on Dec 4, 2022.
             Slain by a water moccasin zombie (3 damage)
             ... in an ossuary.
             The game lasted 00:07:14 (2985 turns).

CrazyBamboolord the Grave Robber (KoNe)             Turns: 2985, Time: 00:07:14

Health: 0/51       AC: 23    Str:  5    XL:     6   Next: 18%
Magic:  10/10      EV:  3    Int: 19    God:
Gold:   127        SH:  0    Dex: 15    Spells: 3/11 levels left

rFire   . . .      SeeInvis .    g - +2 mace (drain)
rCold   . . .      Faith    .    (no shield)
rNeg    . . .      Spirit   .    (body armour currently unavailable)
rPois   +          Reflect  .    (helmet currently unavailable)
rElec   .          Harm     .    (cloak currently unavailable)
rCorr   .          Rampage  .    (gloves currently unavailable)
Will    .....      NoTele   +    (boots currently unavailable)
Stlth   ++++......               (no amulet)
HPRegen 0.28/turn                h - +4 ring of slaying
MPRegen 0.12/turn                (no ring)

@: tree-form
A: stationary, stasis, torment immunity, boosted hp, small, no large weapons,
nightstalker 3
a: no special abilities


You were in an ossuary.
You were a tree.
You visited 1 branch of the dungeon, and saw 4 of its levels.
You also visited: Ossuary.

You collected 127 gold pieces.

Inventory:

Hand Weapons
 g - a +2 mace of draining (weapon)
Armour
 a - a +1 robe (melded)
Jewellery
 h - a +4 ring of slaying (left branch)
Scrolls
 j - 4 scrolls of amnesia
Potions
 b - 2 potions of magic
 d - a potion of flight


   Skills:
 + Level 1.2 Fighting
 - Level 0.1 Maces & Flails
 * Level 3.5 Dodging
 * Level 4.9 Stealth
 * Level 3.1 Spellcasting
 * Level 5.1 Necromancy


You had 3 spell levels left.
You knew the following spells:

 Your Spells              Type           Power      Damage    Failure   Level
a - Necrotise             Necr           88%        1d8       1%          1
b - Vampiric Draining     Necr           22%        2d7       5%          3
c - Animate Dead          Necr           22%        N/A       19%         4

Your spell library contained the following spells:

 Spells                   Type           Power      Damage    Failure   Level
 Sting                    Tmut/Pois      8%         1d3       16%         1
 Poisonous Vapours        Pois/Air       4%         N/A       22%         2
 Agony                    Necr           22%        N/A       45%         5
 Olgreb's Toxic Radiance  Pois           2%         N/A       83%         4


Dungeon Overview and Level Annotations

Branches:
Dungeon (4/15)            Ossuary (1/1)
 Temple: D:4-7

Altars:
Ashenzari
Fedhas
Makhleb
Qazlal
Ru
Zin

Shops:
D:2 =

Annotations:
D:3 2 transporters, Hopman's ghost, amateur HOFi


Innate Abilities, Weirdness & Mutations

You are a tree.
Your roots penetrate the ground, keeping you stationary.
You cannot be teleported.
You are immune to unholy pain and torment.
Your maximum health is greatly increased.
Your equipment is partially melded.
You are small and have problems with some larger weapons.
You are completely attuned to the shadows.


Message History

You barely miss the water moccasin zombie.
The water moccasin zombie is heavily damaged.
The water moccasin zombie bites you but does no damage. x2
You sock the water moccasin zombie!
The water moccasin zombie is severely damaged.
The water moccasin zombie bites you but does no damage. x2
You sock the water moccasin zombie!
You destroy the water moccasin zombie!
The water moccasin zombie bites you but does no damage.
You have reached level 6!
You hit the water moccasin zombie.
The water moccasin zombie is lightly damaged.
The water moccasin zombie bites you but does no damage.
The water moccasin zombie completely misses you.
You hit the water moccasin zombie.
The water moccasin zombie is lightly damaged.
The water moccasin zombie bites you but does no damage.
You sock the water moccasin zombie!
The water moccasin zombie is moderately damaged.
The water moccasin zombie bites you but does no damage.
The water moccasin zombie bites you.
* * * LOW HITPOINT WARNING * * *
You hit the water moccasin zombie.
The water moccasin zombie is heavily damaged.
The water moccasin zombie bites you.
* * * LOW HITPOINT WARNING * * *
The water moccasin zombie bites you but does no damage.
You closely miss the water moccasin zombie.
The water moccasin zombie is heavily damaged.
The water moccasin zombie bites you but does no damage.
You hit the water moccasin zombie.
The water moccasin zombie is severely damaged.
The water moccasin zombie bites you but does no damage. x2
You barely miss the water moccasin zombie.
The water moccasin zombie is severely damaged.
The water moccasin zombie bites you but does no damage. x2
You barely miss the water moccasin zombie.
The water moccasin zombie is severely damaged.
The water moccasin zombie bites you.
You die...

##### # # #...# #
#...# # #...# #
#...# # #Z### #
#♣..# # #...# #
#...# # #...# #
#'################
#...#...#....'...'
#...#...'....#...#
#∩..'...#....#...#
##################


You could see a water moccasin zombie.

Vanquished Creatures
  A water moccasin zombie (Ossuary)
  An iguana (D:2)
  2 adders (D:2)
  An adder zombie (Ossuary)
  A dart slug (D:1)
  2 orcs
  4 bats
  An endoplasm (D:1)
  4 giant cockroaches
  5 goblins
  6 hobgoblins
  4 jackals (D:3)
  4 ball pythons
  2 frilled lizards (D:2)
  4 gnoll zombies (Ossuary)
  6 hobgoblin zombies (Ossuary)
  3 kobolds
  4 kobold zombies (Ossuary)
  2 orc zombies (Ossuary)
  A rat (D:1)
58 creatures vanquished.

Vanquished Creatures (collateral kills)
  A water moccasin zombie (Ossuary)
  An endoplasm (D:1)
  2 rats (D:1)
4 creatures vanquished.

Grand Total: 62 creatures vanquished

Notes
Turn   | Place    | Note
-------+----------+-------------------------------------------
     0 | D:1      | CrazyBamboolord the Kobold Necromancer began the quest for
                  | the Orb.
     0 | D:1      | Reached XP level 1. HP: 10/10 MP: 3/3
   179 | D:1      | Reached XP level 2. HP: 6/15 MP: 0/5
   621 | D:1      | Found a faded altar of an unknown god.
   701 | D:1      | Reached XP level 3. HP: 19/19 MP: 6/6
   819 | D:2      | Reached XP level 4. HP: 24/24 MP: 7/7
   905 | D:2      | Found Dinexari's Jewellery Shop.
  1860 | D:3      | Found a transporter.
  1863 | D:3      | Noticed Hopman's ghost (amateur HOFi)
  1974 | D:3      | Found a transporter.
  1993 | D:3      | Found a stormy altar of Qazlal.
  2105 | D:3      | Identified the +3 sling of Otiylan {flame, Str+4}
  2128 | D:3      | Found a blossoming altar of Fedhas.
  2194 | D:3      | Found a glowing silver altar of Zin.
  2280 | D:3      | Found a sacrificial altar of Ru.
  2488 | D:3      | Found a broken altar of Ashenzari.
  2586 | D:3      | Learned a level 3 spell: Vampiric Draining
  2591 | D:3      | Learned a level 4 spell: Animate Dead
  2621 | D:3      | Found a burning altar of Makhleb.
  2709 | D:4      | Found a sand-covered staircase.
  2715 | Ossuary  | Entered an ossuary
  2720 | Ossuary  | Reached skill level 5 in Necromancy
  2732 | Ossuary  | Reached XP level 5. HP: 27/28 MP: 9/9
  2793 | Ossuary  | Reached skill level 1 in Fighting
  2978 | Ossuary  | Reached XP level 6. HP: 6/34 MP: 10/10
  2980 | Ossuary  | HP: 2/51 [water moccasin zombie (5)]
  2985 | Ossuary  | Slain by a water moccasin zombie

Illustrated notes

Levels and vault maps discovered:
D:1:      grunt_arrival_crossed_arrows, layout_rooms,
          shapermc_ecumenical_altar_mp_vishouse
D:2:      layout_basic, serial_shops, shop_fountains
D:3:      layout_basic, mainiacjoe_overflow_alcove_1,
          nicolae_ashenzari_skybound, mainiacjoe_overflow_surrounded_room,
          mainiacjoe_overflow_alcove_2, nicolae_ru_the_path_less_chosen,
          mainiacjoe_overflow_24_doors, gammafunk_ghost_stat_death,
          chequers_hall_statues_corner_a
D:4:      layout_gridville, enter_ossuary_4
Ossuary:  ossuary_tomb_2

Skill      XL: |  1  2  3  4  5 |
---------------+----------------+-----
Stealth        | 3 4 |  4.9
Necromancy     | 5 |  5.1
Fighting       | 1 |  1.2
Dodging        | 3 |  3.5
Spellcasting   | 3 |  3.1
Maces & Flails | |  0.1

Action                   |  1- 3 |  4- 6 || total
-------------------------+-------+-------++-------
Melee: Unarmed           |    10 |       ||    10
       Mace              |    17 |   115 ||   132
 Cast: Necrotise         |    13 |    19 ||    32
  Use: Scroll            |       |    10 ||    10
       Potion            |       |     5 ||     5
 Stab: Sleeping          |     6 |     9 ||    15
Armor: Robe              |     5 |    18 ||    23
       Skin              |       |    15 ||    15
Dodge: Dodged            |    22 |   109 ||   131

Table legend: (Time is in decaauts)
 A = Elapsed time spent in this place.
 B = Non-inter-level travel time spent in this place.
 C = Inter-level travel time spent in this place.
 D = Time resting spent in this place.
 E = Time spent auto-exploring this place.
 F = Levels seen in this place.
 G = Mean time per level.
                   A        B        C        D        E       F      G
               +--------+--------+--------+--------+--------+-----+--------+
         Total |   3034 |   2853 |    181 |    102 |   2243 |   5 |  606.8 |
       Dungeon |   2735 |   2554 |    181 |      0 |   2243 |   4 |  683.8 |
       Ossuary |    299 |    299 |      0 |    102 |      0 |   1 |  299.0 |
               +--------+--------+--------+--------+--------+-----+--------+

Top non-repeatable levels by time:
     D:2: 1115 daAuts
     D:3: 856 daAuts
     D:1: 720 daAuts
 Ossuary: 299 daAuts
     D:4: 42 daAuts
